AoeStats
← Rattack

Arabia

509909254Analyzed
1v1 RM · 5d ago on Sep 28, 2026· 37m 13s· 2 players
Game mode
Random Map
Map size
Tiny (2 player)
Population
200
Speed
Normal
Resources
Standard
Victory
Conquest
Starting age
Dark Age
Ending age
Imperial Age
RankedLock teamsTeams togetherTeam positionsShared explorationLock speedFull tech treeHidden civsTurbo modeCheats
Victory
Defeat
🇫🇮 Varangians · Finland
1524
+14
🇦🇷 Armenians · Argentina
1484
-14
mateconpan
7:07 Loom
9:21 Feudal Age
9:38 Man-at-Arms
10:38 Double-Bit Axe
16:12 Fletching
16:49 Horse Collar
17:07 Long Swordsman
18:40 Padded Archer Armor
19:46 Scale Mail Armor
25:01 Castle Age
23:40 Forging
23:18 Arson
24:37 Forging
25:59 Chain Mail Armor
25:06 Two-Handed Swordsman
27:23 Iron Casting
27:39 Bow Saw
28:51 Squires
28:38 Gambesons
30:05 Devotion
33:18 Heavy Plow
Rattack
7:32 Loom
9:40 Feudal Age
9:57 Man-at-Arms
15:33 Wheelbarrow
15:34 Horse Collar
15:41 Double-Bit Axe
19:36 Fletching
23:36 Castle Age
23:24 Bloodlines
24:33 Scale Barding Armor
34:46 Gold Mining
35:35 Chain Barding Armor
37:40 Forging
Connection lost

Rejoining the realm…

Still unreachable

The connection could not be restored.

Session expired

The server has moved on; the page needs a fresh start.